 Dungeon Crawl Stone Soup version 0.31-a0-636-ge1c0e020e0 (webtiles) character file.

Game seed: 15917474429758743230

10557 avis the Severer (level 11, -3/84 HPs)
             Began as a Hill Orc Monk on Aug 26, 2023.
             Was a High Priest of Beogh.
             Slain by a catoblepas (27 damage)
             ... on level 11 of the Dungeon.
             The game lasted 01:54:33 (12135 turns).

avis the Severer (Hill Orc Monk)                   Turns: 12135, Time: 01:54:34

Health: -3/84      AC: 10    Str: 19    XL:     11   Next: 64%
Magic:  28/28      EV:  5    Int: 10    God:    Beogh [*****.]
Gold:   1441       SH:  9    Dex: 13    Spells: 10/10 levels left

rFire   . . .        a - +0 broad axe
rCold   + . .        H - +5 buckler of Amorality {rC+}
rNeg    . . .        s - +0 plate armour
rPois   .            (helmet currently unavailable)
rElec   .            (cloak currently unavailable)
rCorr   +            (gloves currently unavailable)
SInv    .            (boots currently unavailable)
Will    .....        y - amulet of regeneration Stlth
                     L - ring of magical power
HPRegen 1.14/turn    I - ring of resist corrosion
MPRegen 0.21/turn

%: no passive effects
@: beast-form
A: beast (slay +3), walk on water
a: Begin Untransformation, Renounce Religion, Smiting, Recall Orcish Followers,
Give Item to Named Follower


You were on level 11 of the Dungeon.
You worshipped Beogh.
Beogh was extremely pleased with you.
You were a hulking beast.
You visited 2 branches of the dungeon, and saw 12 of its levels.
You also visited: Sewer, Ossuary and Bailey.

You collected 1441 gold pieces.

Inventory:

Hand Weapons
 a - a +0 broad axe (weapon)
 b - a +2 whip of electrocution
 A - a +2 war axe
Missiles
 v - a throwing net (quivered)
Armour
 e - the +2 helmet of the Land of Plenty {+Inv Will+ Dex+5}
   (You found it on level 11 of the Dungeon)

   Dex+5:     It affects your dexterity (+5).
   Will+:     It increases your willpower.
   +Inv:      It lets you turn invisible.
 s - a +0 plate armour (worn)
 w - a +0 chain mail
 B - +0 acid dragon scales
 C - a +2 plate armour of fire resistance
 D - a +0 troll leather armour
 H - the +5 buckler of Amorality (worn) {rC+}
   (You found it on level 6 of the Dungeon)

   rC+:       It protects you from cold.
Jewellery
 r - a ring of ice
 y - an amulet of regeneration (around neck)
 I - a ring of resist corrosion (right hand)
 L - a ring of magical power (left hand)
Talismans
 q - a beast talisman (active)
Wands
 p - a wand of flame (27)
 u - a wand of roots (18)
 J - a wand of digging (8)
Scrolls
 d - 3 scrolls of vulnerability {unknown}
 f - 3 scrolls of revelation {unknown}
 i - 8 scrolls of teleportation
 l - 3 scrolls of fear {unknown}
 m - 3 scrolls of noise {unknown}
 n - 2 scrolls of fog {unknown}
 t - a scroll of identify
 x - a scroll of blinking
 E - 3 scrolls of enchant weapon {unknown}
 F - 3 scrolls of immolation {unknown}
 G - 4 scrolls of enchant armour {unknown}
 Q - 2 scrolls of torment {unknown}
 S - a scroll of summoning {unknown}
 U - a scroll of poison {unknown}
 Y - 4 scrolls of brand weapon {unknown}
Potions
 c - a potion of ambrosia
 g - a potion of curing
 h - a potion of berserk rage {unknown}
 j - a potion of lignification
 k - 2 potions of might
 o - a potion of brilliance
 z - 4 potions of enlightenment
 K - 3 potions of cancellation
 M - 2 potions of haste
 O - a potion of resistance
 P - a potion of magic
 T - a potion of invisibility


   Skills:
 - Level 4.0 Fighting
 * Level 17.9 Axes
 - Level 2.0 Armour
 - Level 2.4 Dodging
 + Level 11.0 Invocations
 + Level 6.1 Shapeshifting


You had 10 spell levels left.
You didn't know any spells.
Your spell library contained the following spells:

 Spells                   Type           Power      Damage    Failure   Level
 Magic Dart               Conj           0%         1d3       100%        1
 Sandblast                Erth           0%         2d4       100%        1
 Ensorcelled Hibernation  Hex/Ice        0%         N/A       100%        2
 Passwall                 Tmut/Erth      0%         N/A       100%        2
 Searing Ray              Conj           0%         2d4       100%        2
 Wereblood                Tmut           0%         N/A       100%        2
 Stone Arrow              Conj/Erth      0%         3d7       100%        3
 Swiftness                Air            0%         N/A       100%        3
 Animate Dead             Necr           0%         N/A       100%        4
 Fulminant Prism          Conj/Hex       0%         3d5       100%        4
 Irradiate                Conj/Tmut      0%         3d11      100%        5
 Haunt                    Necr/Summ      0%         N/A       100%        7
 Infestation              Necr           0%         N/A       100%        8


Dungeon Overview and Level Annotations

Branches:
Dungeon (11/15)            Temple (1/1) D:6            Lair (0/5) D:11
    Orc (0/2) D:9           Sewer (visited)         Ossuary (visited)
 Bailey (visited)

Altars:
Ashenzari
Cheibriados
Dithmenos
Elyvilon
Fedhas
Gozag
Hepliaklqana
Kikubaaqudgha
Makhleb
Nemelex Xobeh
Okawaru
Qazlal
Ru
Sif Muna
Trog
Uskayaw
Vehumet
Wu Jian
Xom
Yredelemnul
Zin
The Shining One

Annotations:
D:5 2 runed translucent doors, SirDiesAlot's ghost, novice OpFE
D:6 2 transporters
D:10 3 runed translucent doors, Newt's ghost, journeyman GrFi
D:11 exclusion: oklob plant


Message History

The boulder beetle is engulfed in calcifying dust.
The boulder beetle stops moving altogether!
You hit the catoblepas.
The catoblepas is heavily wounded.
The helpless boulder beetle fails to defend itself.
You slash the boulder beetle!
Wargath is engulfed in calcifying dust.
Wargath is moving more slowly.
Something hits the boulder beetle!!
The boulder beetle dies!
Beogh accepts your kill.
The catoblepas breathes a plume of calcifying dust at you.
The blast of calcifying dust hits you.
Your Invocations skill increases to level 11!
The barbed spikes dig painfully into your body as you move.
You see here a +0 pair of boots.
You hit the catoblepas.
The catoblepas is heavily wounded.
Wargath is engulfed in calcifying dust.
Wargath stops moving altogether!
The catoblepas gores you but does no damage.
You hit the catoblepas.
The catoblepas is heavily wounded.
You slash the catoblepas!
The catoblepas is severely wounded.
Your orc priest stops moving altogether!
The catoblepas breathes a plume of calcifying dust at you.
The blast of calcifying dust hits you but does no damage.
The barbed spikes dig painfully into your body as you move.
The barbed spikes snap loose.
Warrok hits the catoblepas from afar with a +0 spear.
The catoblepas gores you!
* * * LOW HITPOINT WARNING * * *
You slice the catoblepas!!
The catoblepas is almost dead.
Warrok hits the catoblepas from afar with a +0 spear.
The catoblepas breathes a plume of calcifying dust at you.
The blast of calcifying dust hits you but does no damage.
Warrok completely misses the catoblepas.
The catoblepas gores you!!
You die...

#..........# #......
###.........## #. #......
.............#.#.#. ##..###.
.............##....## ## #...>.#.
.............#.#.#.#.#. ##.....#.
.........#..##......#.#.#......#.
.........#..#/#.#.#?#..##......#.
...........##..§.....###..##+###.
...........#.#.#h#o#..##.##......
..........##..§§§Yoo).#...#......
..........#..#)#§#?#['#...#......
.........## #.#.#.#.#)...'......
.........# . .#.#.##o####......
#.......## #.#.#.#.#.o......#'##
#.......# # .#.#.##........#...
#....#.## #.#.#.#.........'...
#..†...# ##.#.##...).....###.


You could see a catoblepas (ally target), the friendly Wargath the orc knight
(strong, petrified) and the friendly Warrok the orc knight (strong).

Vanquished Creatures
  An ice dragon (D:11)
  Nergalle (D:10)
  An orc knight (Bailey)
  A manticore (D:11)
  Maurice (D:9)
  A gargoyle (D:11)
  A yak (D:9)
  A vampire (D:10)
  A basilisk (D:8)
  A steam dragon (D:7)
  2 acid dragons
  A black bear (D:6)
  4 centaurs
  2 lemures (D:7)
  8 kobold brigands (Bailey)
  A bullfrog (D:7)
  2 scorpions
  A water moccasin zombie (Ossuary)
  2 wights (D:7)
  Dowan (D:7)
  10 killer bees
  A hound (D:6)
  A jelly (D:5)
  2 orc priests
  A gnoll bouda (D:7)
  2 iguanas
  Ijyb (D:4)
  Terence (D:2)
  4 orc wizards
  A sickly merfolk siren (Sewer)
  A malarious merfolk avatar (Sewer)
  2 mummies (Ossuary)
  Robin (D:4)
  9 gnolls
  11 adders
  2 river rats
  A shadow imp (D:7)
  3 white imps
  2 ufetubi
  4 adder zombies (Ossuary)
  2 worms (D:2)
  3 dart slugs
  13 orcs
  10 bats
  3 endoplasms
  5 giant cockroaches
  3 gnoll zombies (Ossuary)
  6 hobgoblins
  5 jackals
  5 quokkas
  17 ball pythons
  4 frilled lizards (Sewer)
  6 goblins
  4 hobgoblin zombies (Ossuary)
  9 kobolds
  5 kobold zombies (Ossuary)
  4 orc zombies (Ossuary)
  25 rats
223 creatures vanquished.

Vanquished Creatures (collateral kills)
  A boulder beetle (D:11)
  A centaur warrior (D:11)
  A two-headed ogre (D:10)
  Pikel (D:7)
  An orc knight (D:11)
  A cyclops (D:9)
  A manticore (D:11)
  Maggie (D:7)
  A hornet (D:9)
  A troll (D:11)
  2 wraiths (D:11)
  10 yaks
  A golden eye (shapeshifter) (D:9)
  A vampire mosquito (D:9)
  An acid dragon (D:11)
  A water moccasin (D:7)
  6 orc warriors
  Duvessa (D:7)
  A black bear (D:7)
  An ice beast (D:8)
  A sky beast (D:6)
  2 centaurs
  A lemure (D:7)
  4 bullfrogs
  A scorpion (D:6)
  A wight (D:7)
  7 killer bees
  2 howler monkeys
  A jelly (D:6)
  2 orc priests
  A sleepcap (D:7)
  An iguana (D:6)
  2 orc wizards (D:8)
  A gnoll (D:6)
  An adder (D:6)
  A shadow imp (D:7)
  9 orcs
73 creatures vanquished.

Vanquished Creatures (others)
  An orc knight (D:11)
  An orc warrior (D:11)
  10 orcs
12 creatures vanquished.

Grand Total: 308 creatures vanquished

Notes
Turn   | Place    | Note
-------+----------+-------------------------------------------
     0 | D:1      | avis the Hill Orc Monk began the quest for the Orb.
     0 | D:1      | Reached XP level 1. HP: 19/19 MP: 1/1
   323 | D:1      | Reached XP level 2. HP: 26/26 MP: 2/2
   818 | D:1      | You fall into a shaft and drop 1 floor!
   934 | D:1      | Reached skill level 5 in Axes
  1071 | D:2      | Reached XP level 3. HP: 23/33 MP: 3/3
  1077 | D:2      | Noticed Terence
  1096 | D:2      | Killed Terence
  1187 | D:2      | Reached skill level 6 in Axes
  1187 | D:2      | Reached XP level 4. HP: 40/40 MP: 4/4
  2438 | D:3      | Became a worshipper of Beogh the Brigand
  2438 | D:3      | Reached * piety under Beogh
  2438 | D:3      | Reached ** piety under Beogh
  2449 | D:3      | Reached skill level 7 in Axes
  2454 | D:3      | Reached XP level 5. HP: 32/46 MP: 5/5
  2454 | D:3      | Found a snail-covered altar of Cheibriados.
  2711 | D:3      | Reached skill level 1 in Armour
  2784 | D:3      | Found a blossoming altar of Fedhas.
  3242 | D:4      | Found a glowing drain.
  3253 | Sewer    | Entered a sewer
  3264 | Sewer    | Reached *** piety under Beogh
  3349 | Sewer    | Reached XP level 6. HP: 52/52 MP: 6/6
  3351 | Sewer    | Reached skill level 8 in Axes
  3838 | D:4      | Reached skill level 1 in Invocations
  3887 | D:4      | Noticed Ijyb
  3887 | D:4      | Noticed Robin
  3929 | D:4      | Reached **** piety under Beogh
  3947 | D:4      | Killed Ijyb
  3954 | D:4      | Killed Robin
  4253 | D:4      | Found a hazy altar of Hepliaklqana.
  4404 | D:5      | Entered Level 5 of the Dungeon
  4420 | D:5      | Found a large runed translucent door.
  4420 | D:5      | Found a large runed translucent door.
  4421 | D:5      | Noticed SirDiesAlot's ghost (novice OpFE)
  4425 | D:5      | Reached skill level 1 in Shapeshifting
  4550 | D:5      | Reached XP level 7. HP: 47/59 MP: 8/8
  4569 | D:5      | Reached skill level 9 in Axes
  4627 | D:5      | Found a glowing golden altar of the Shining One.
  4728 | D:5      | Found a sand-covered staircase.
  4737 | Ossuary  | Entered an ossuary
  4877 | Ossuary  | Reached ***** piety under Beogh
  5302 | D:6      | Reached skill level 10 in Axes
  5398 | D:6      | Reached XP level 8. HP: 63/66 MP: 9/11
  5540 | D:6      | Reached skill level 11 in Axes
  5540 | D:6      | Reached skill level 5 in Invocations
  5596 | D:6      | Found a staircase to the Ecumenical Temple.
  5635 | Temple   | Entered the Ecumenical Temple
  5807 | D:6      | Found a hide-covered altar of Uskayaw.
  5807 | D:6      | Noticed a +0 falchion
  5807 | D:6      | Noticed a +0 dagger
  5808 | D:6      | Noticed a +0 falchion
  5808 | D:6      | Noticed a +0 spear
  5808 | D:6      | Noticed a +0 short sword
  5808 | D:6      | Noticed a +0 dagger
  5808 | D:6      | Noticed a +0 spear
  5810 | D:6      | Noticed a +0 short sword
  5843 | D:6      | Found a transporter.
  5844 | D:6      | Noticed a toenail golem
  5897 | D:6      | Found a transporter.
  5948 | D:6      | Identified the +5 buckler of Amorality {rC+}
  6444 | D:7      | Noticed Duvessa
  6445 | D:7      | Noticed Dowan
  6446 | D:7      | Noticed Pikel
  6451 | D:7      | Killed Duvessa
  6452 | D:7      | Reached skill level 12 in Axes
  6454 | D:7      | Killed Dowan
  6464 | D:7      | Killed Pikel
  6465 | D:7      | Reached XP level 9. HP: 54/71 MP: 14/14
  6600 | D:7      | Reached skill level 13 in Axes
  6602 | D:7      | Gained Warrok as an ally
  6769 | D:7      | Noticed Maggie
  6779 | D:7      | Killed Maggie
  7509 | D:8      | Identified the +1 robe "Tacw" {rC+ Str+4 Dex-5}
  7625 | D:8      | Reached skill level 14 in Axes
  7874 | D:8      | Found a basalt altar of Yredelemnul.
  7881 | D:8      | Reached XP level 10. HP: 77/78 MP: 16/16
  8039 | D:8      | Found a glowing silver altar of Zin.
  8524 | D:9      | Found a flagged portal.
  8529 | Bailey   | Entered a bailey
  8798 | Bailey   | Noticed an orc knight
  8836 | Bailey   | Gained Brunolf as an ally
  8865 | Bailey   | Killed an orc knight
  8866 | Bailey   | Reached skill level 15 in Axes
  9158 | Bailey   | Found a bloodstained altar of Trog.
  9619 | D:9      | Noticed a cyclops
  9639 | D:9      | Gained Wargath as an ally
  9655 | D:9      | Noticed Maurice
  9667 | D:9      | Killed a cyclops
  9681 | D:9      | Reached ****** piety under Beogh
  9694 | D:9      | Killed Maurice
  9695 | D:9      | Reached skill level 10 in Invocations
  9695 | D:9      | Reached skill level 5 in Shapeshifting
 10026 | D:9      | Found a staircase to the Orcish Mines.
 10493 | D:10     | Entered Level 10 of the Dungeon
 10655 | D:10     | Found a white marble altar of Elyvilon.
 10760 | D:10     | Reached skill level 16 in Axes
 10899 | D:10     | Found a runed translucent gate.
 10901 | D:10     | Found a runed translucent gate.
 10906 | D:10     | Found a runed translucent gate.
 11037 | D:10     | Noticed Nergalle
 11047 | D:10     | Killed Nergalle
 11048 | D:10     | Reached XP level 11. HP: 22/84 MP: 17/18
 11116 | D:10     | Noticed Newt's ghost (journeyman GrFi)
 11132 | D:10     | Noticed a two-headed ogre
 11134 | D:10     | Killed a two-headed ogre
 11333 | D:11     | Reached skill level 17 in Axes
 11366 | D:11     | Found a staircase to the Lair.
 11366 | D:11     | Noticed an oklob plant
 11435 | D:11     | Noticed an orc knight
 11442 | D:11     | Noticed a centaur warrior
 11446 | D:11     | Noticed a manticore
 11451 | D:11     | Noticed an ice dragon
 11452 | D:11     | Killed an orc knight
 11452 | D:11     | Noticed a boulder beetle
 11460 | D:11     | Killed an ice dragon
 11462 | D:11     | Noticed a catoblepas
 11468 | D:11     | Killed a centaur warrior
 11470 | D:11     | HP: 2/84 [boulder beetle (8)]
 11890 | D:11     | Noticed a manticore
 11898 | D:11     | Killed a manticore
 11929 | D:11     | Identified the +2 helmet of the Land of Plenty {+Inv Will+
                  | Dex+5}
 12122 | D:11     | Killed a manticore
 12128 | D:11     | Killed a boulder beetle
 12135 | D:11     | Slain by a catoblepas

Illustrated notes

Levels and vault maps discovered:
D:1:      dpeg_arrival_solitude, layout_loops_corners
D:2:      minmay_wonky_spiral, layout_basic, grunt_decor_junction,
          minmay_tetromino_i2, uniq_terence
D:3:      layout_basic, mainiacjoe_overflow_surrounded_room,
          fedhas_altar_fruit_tree
D:4:      layout_cave_pools, nicolae_hepliaklqana_hippocampus,
          portal_sewer_entry_a, chequers_avenue, nicolae_goblin_pals, uniq_robin
D:5:      layout_basic, mainiacjoe_overflow_catwalk, nicolae_ossuary_entry_plus,
          ebering_ghost_disaster_area
D:6:      layout_loops_ring, nicolae_uskayaw_en_pointe,
          minmay_temple_entry_glass, gammafunk_ghost_abyssal_escape,
          kennysheep_diamond
D:7:      layout_rooms, minmay_circle_x, uniq_pikel, uniq_duvessa, uniq_maggie
D:8:      layout_loops_ring, general_overflow_altar, mainiacjoe_overflow_paths,
          minmay_orc_keep
D:9:      layout_roguey, orc_0_dummy, enter_bailey_1,
          minmay_mirror_moons_of_madness, uniq_maurice
D:10:     layout_gridville, mainiacjoe_overflow_alcove_2,
          ebering_ghost_rock_garden, dk_noncrumbling_3, uniq_nergalle
D:11:     minmay_the_grid_triangle_9x9_rhombus_thin_mashed
          [minmay_the_grid_triangle_9x9_stretched_checkered,
          minmay_the_grid_triangle_9x9_prize_center,
          minmay_the_grid_triangle_9x9_corruption,
          minmay_the_grid_triangle_9x9_sparse_checkered], layout_gridville,
          dpeg_oklobed_lair
Temple:   nicolae_temple_ecumenical_triangle

Skill      XL: |  1  2  3  4  5  6  7  8  9 10 11 |
---------------+----------------------------------+-----
Axes           | 5 6 7 8 10 12 14 16 17 | 17.9
Fighting       | 4 |  4.0
Armour         | 1 2 |  2.0
Invocations    | 1 4 6 8 10 11 | 11.0
Shapeshifting  | 1 3 5 6 |  6.1
Dodging        | |  2.4

Action                     |  1- 3 |  4- 6 |  7- 9 | 10-12 || total
---------------------------+-------+-------+-------+-------++-------
  Melee: Hand axe          |    62 |   233 |   250 |   102 ||   647
         Broad axe         |       |       |       |   100 ||   100
  Throw: Boomerang         |       |       |       |     2 ||     2
 Invoke: Convert to Beogh  |       |     1 |       |       ||     1
         Recall Orcish Fol |       |       |     2 |    13 ||    15
         Stop Recall       |       |       |     1 |     5 ||     6
         Give Item to Name |       |       |     1 |     2 ||     3
         Smiting           |       |       |       |    10 ||    10
  Evoke: Wand              |       |     2 |       |       ||     2
    Use: Potion            |       |     1 |       |     7 ||     8
         Scroll            |       |       |    11 |     2 ||    13
   Stab: Distracted        |       |       |       |     2 ||     2
         Petrified         |       |       |       |     1 ||     1
 Armour: Chain mail        |    47 |    79 |   105 |    34 ||   265
         Robe              |     2 |       |       |       ||     2
         Plate armour      |       |       |       |    11 ||    11
  Dodge: Dodged            |    25 |   101 |   107 |    50 ||   283
         Repelled          |       |     1 |       |       ||     1
  Block: Buckler           |       |       |    69 |    82 ||   151
   Form: Beast             |       |       |     1 |     2 ||     3
                           |       |       |       |     2 ||     2

Table legend: (Time is in decaauts)
 A = Elapsed time spent in this place.
 B = Non-inter-level travel time spent in this place.
 C = Inter-level travel time spent in this place.
 D = Time resting spent in this place.
 E = Time spent auto-exploring this place.
 F = Levels seen in this place.
 G = Mean time per level.
                   A        B        C        D        E       F      G
               +--------+--------+--------+--------+--------+-----+--------+
         Total |  12062 |  10336 |   1726 |   1111 |   4456 |  15 |  804.1 |
       Dungeon |  10424 |   8709 |   1715 |    887 |   4418 |  11 |  947.6 |
        Temple |    295 |    284 |     11 |      0 |      0 |   1 |  295.0 |
         Sewer |    494 |    494 |      0 |      0 |     38 |   1 |  494.0 |
       Ossuary |    165 |    165 |      0 |      5 |      0 |   1 |  165.0 |
        Bailey |    682 |    682 |      0 |    219 |      0 |   1 |  682.0 |
               +--------+--------+--------+--------+--------+-----+--------+

Top non-repeatable levels by time:
     D:1: 1314 daAuts
     D:8: 1206 daAuts
     D:6: 1174 daAuts
     D:2: 1066 daAuts
     D:7: 988 daAuts
    D:10: 975 daAuts
     D:4: 912 daAuts
     D:9: 855 daAuts
     D:5: 807 daAuts
     D:3: 699 daAuts
  Bailey: 682 daAuts
   Sewer: 494 daAuts
    D:11: 424 daAuts
  Temple: 295 daAuts
 Ossuary: 165 daAuts
